 Dungeon Crawl Stone Soup version 0.21-a0-509-gecc5317 (webtiles) character file.

100 tof the Slasher (level 4, -1/35 HPs)
             Began as a Demonspawn Monk on Nov 30, 2017.
             Slain by a black bear (3 damage)
             ... on level 4 of the Dungeon.
             The game lasted 00:06:17 (3746 turns).

tof the Slasher (Demonspawn Monk)                   Turns: 3746, Time: 00:06:17

Health: -1/35      AC:  6    Str: 11    XL:     4   Next: 47%
Magic:  4/4        EV: 12    Int: 12    God:
Gold:   72         SH:  5    Dex: 16    Spells: 2/3 levels left

rFire    . . .     SeeInvis .   a - +0 falchion
rCold    . . .     Gourm    .   (no shield)
rNeg     . . .     Faith    .   r - +0 ring mail
rPois    .         Spirit   .   (no helmet)
rElec    .         Reflect  +   (no cloak)
rCorr    .         Harm     .   y - +0 pair of gloves
MR       .....                  (no boots)
Stlth    +.........             l - +5 amulet of reflection
HPRegen  0.11/turn              (no ring)
MPRegen  0.09/turn              (no ring)

@: no status effects
A: rot immunity
a: no special abilities


You were on level 4 of the Dungeon.
You were hungry.

You visited 1 branch of the dungeon, and saw 4 of its levels.

You collected 72 gold pieces.

Inventory:

Hand Weapons
 a - a +0 falchion (weapon)
Armour
 b - a +0 robe
 h - a +0 scale mail
 r - a +0 ring mail (worn)
 y - a +0 pair of gloves (worn)
Jewellery
 l - a +5 amulet of reflection (around neck)
Wands
 z - a wand of polymorph (7)
Scrolls
 d - a scroll of remove curse {unknown}
 g - a scroll of enchant armour {unknown}
 i - 2 scrolls of enchant weapon {unknown}
 k - 6 scrolls of teleportation {unknown}
 m - 6 scrolls of identify {unknown}
 p - 2 scrolls of fog {unknown}
 t - a scroll of blinking {unknown}
 u - a scroll of amnesia {unknown}
 w - a scroll of immolation {unknown}
Potions
 e - 2 potions of haste {unknown}
 f - a potion of lignification {unknown}
 j - a potion of might {unknown}
 q - 3 potions of heal wounds {unknown}
 s - a potion of magic {unknown}
 x - a potion of curing {unknown}
Books
 n - a book of Maledictions

   Spells                             Type                      Level
   a - Corona                         Hexes                        1
   b - Ensorcelled Hibernation        Hexes/Ice                    2
   c - Confuse                        Hexes                        3
   d - Tukima's Dance                 Hexes                        3
   e - Dazzling Spray                 Conjuration/Hexes            3
Comestibles
 c - 3 bread rations
 o - a meat ration
 v - 3 fruits


   Skills:
 + Level 3.5 Fighting
 * Level 3.6 Long Blades
 + Level 1.2 Armour
 + Level 3.2 Dodging
 - Level 1.7 Stealth
 + Level 0.5 Hexes


You had 2 spell levels left.
You knew the following spells:

 Your Spells              Type           Power        Failure   Level  Hunger
a - Corona                Hex            #......      54%         1    ##.....


Dungeon Overview and Level Annotations

Branches:
Dungeon (4/15)
 Temple: D:4-7

Altars:
Nemelex Xobeh
Sif Muna
Xom
The Shining One


Innate Abilities, Weirdness & Mutations

You are immune to rotting.


Message History

The black bear is almost dead.
You block the black bear's attack.
The black bear claws you but does no damage.
The black bear barely misses you.
You hit the black bear but do no damage.
The black bear is almost dead.
The black bear bites you but does no damage.
The black bear claws you but does no damage.
The black bear barely misses you.
You closely miss the black bear.
The black bear is almost dead.
The black bear goes berserk!
You barely miss the black bear.
The black bear is almost dead.
The black bear bites you but does no damage.
The black bear claws you. You block the black bear's attack.
The black bear bites you!
* * * LOW HITPOINT WARNING * * *
The black bear closely misses you. The black bear claws you.
You die...

####
##.%##
#....#
#%h..#
#.@.#
##..#
#.##
#.##
#..#
#..#
##
##.##
##.
#..#
##..
##.##
#...


You could see a black bear (berserk).

Vanquished Creatures
  An ooze (D:2)
  2 worms (D:2)
  5 dart slugs
  2 leopard geckos
  An orc (D:3)
  3 giant cockroaches
  8 goblins
  8 hobgoblins
  6 jackals
  4 quokkas (D:2)
  2 ball pythons (D:2)
  10 bats
  6 frilled lizards
  7 kobolds
  5 rats
70 creatures vanquished.

Vanquished Creatures (others)
  A goblin (D:3)
1 creature vanquished.

Grand Total: 71 creatures vanquished

Notes
Turn   | Place    | Note
-------+----------+-------------------------------------------
     0 | D:1      | tof the Demonspawn Monk began the quest for the Orb.
     0 | D:1      | Reached XP level 1. HP: 18/18 MP: 1/1
   183 | D:1      | Gained mutation: You are immune to rotting. [demonic ancestry]
   183 | D:1      | Reached XP level 2. HP: 22/24 MP: 2/2
   945 | D:1      | Reached XP level 3. HP: 29/29 MP: 3/3
  1415 | D:2      | Reached skill level 1 in Armour
  1564 | D:2      | Found a sparkling altar of Nemelex Xobeh.
  1977 | D:2      | Learned a level 1 spell: Corona
  2084 | D:2      | Reached XP level 4. HP: 35/35 MP: 1/4
  2687 | D:2      | Found a deep blue altar of Sif Muna.
  3139 | D:3      | Found a shimmering altar of Xom.
  3288 | D:3      | Found a deep blue altar of Sif Muna.
  3313 | D:3      | Found a glowing golden altar of the Shining One.
  3727 | D:4      | Noticed a black bear
  3746 | D:4      | Slain by a black bear

Vault maps used:
D:1:      enne_arrival_octagon_isle
D:2:      lemuel_doored_altar, nemelex_xobeh_ov_fountains_minmay, serial_glass,
          glass_columns_c, glass_columns_b, glass_columns_a, glass_columns_a,
          hex_large
D:3:      xom_teletrap_fun, lemuel_round_altar, first_bread, led_sif_book
D:4:      black_bear_nest_1

Skill      XL: |  1  2  3 |
---------------+----------+-----
Long Blades    | 3 |  3.6
Dodging        | 3 |  3.2
Armour         | 1 |  1.2
Fighting       | |  3.5
Stealth        | |  1.7
Hexes          | |  0.5

Action                   |  1- 3 |  4- 6 || total
-------------------------+-------+-------++-------
Melee: Falchion          |   132 |   100 ||   232
 Cast: Corona            |     4 |     2 ||     6
 Stab: Sleeping          |     6 |       ||     6
  Eat: Chunk             |     4 |     5 ||     9
Armor: Robe              |    30 |       ||    30
       Ring mail         |       |    25 ||    25
       Scale mail        |       |     3 ||     3
Dodge: Dodged            |    86 |    71 ||   157
Block: Other             |    12 |    30 ||    42
       Reflection        |       |     3 ||     3
       Rpst.: Falchion   |    34 |    17 ||    51

Table legend:
 A = Spawn XP
 B = Non-spawn XP
 C = Spawn XP percentage of total XP
 D = Spawn monster count
 E = Non-spawn monster count
 F = Spawn count percentage of total count
 G = Total turns spent on level
                    A         B        C        D         E        F      G
               +---------+---------+-------+---------+---------+-------+---------
         Total |       0 |     144 |   0.0 |       0 |      71 |   0.0 |  3746
               +---------+---------+-------+---------+---------+-------+---------
           D:1 |       0 |      48 |   0.0 |       0 |      27 |   0.0 |  1366
           D:2 |       0 |      68 |   0.0 |       0 |      29 |   0.0 |  1457
           D:3 |       0 |      28 |   0.0 |       0 |      15 |   0.0 |   844
               +---------+---------+-------+---------+---------+-------+---------
